 Dungeon Sprint DCSS version 0.30-a0-860-g512cf1e979 (webtiles) character file.

Game seed: 3878174216350473285

3973 rocky1 the Earth Mage (level 10, -12/65 HPs)
             Began as a Deep Elf Earth Elementalist on Mar 8, 2023.
             Was a High Priest of Sif Muna.
             Mangled by a cane toad (17 damage)
             ... in the Dungeon (Sprint III: "The Ten Rune Challenge").
             The game lasted 00:09:39 (2314 turns).

rocky1 the Earth Mage (Deep Elf Earth Elementalist) Turns: 2314, Time: 00:09:40

Health: -12/65     AC:  3    Str:  9    XL:     10   Next: 2%
Magic:  24/29      EV: 12    Int: 24    God:    Sif Muna [*****.]
Gold:   1676       SH:  0    Dex: 14    Spells: 12/35 levels left

rFire   . . .      SeeInvis .    o - +1 long sword (holy)
rCold   . . .      Faith    .    (no shield)
rNeg    . . .      Spirit   .    a - +0 robe
rPois   .          Reflect  .    (helmet restricted)
rElec   .          Rampage  .    q - +0 cloak
rCorr   .          NoTele   +    (no gloves)
Will    +....                    (no boots)
Stlth   ++                       (no amulet)
HPRegen 0.30/turn                (no ring)
MPRegen 0.21/turn                (no ring)

@: no status effects
A: antennae 1, hooves 1, sense surroundings 1, strong 1, MP-powered wands
a: Renounce Religion, Channel Magic, Forget Spell, Divine Exegesis


You were in the Dungeon.
You worshipped Sif Muna.
Sif Muna was extremely pleased with you.
You visited 1 branch You collected 1676 gold pieces.

Inventory:

Hand Weapons
 i - a +6 club
 o - a +1 long sword of holy wrath (weapon)
Armour
 a - a +0 robe (worn)
 q - a +0 cloak (worn)
Scrolls
 j - 2 scrolls of immolation
 k - a scroll of identify
Potions
 b - 2 potions of magic
 c - a potion of curing
 e - a potion of haste
 f - 2 potions of berserk rage
 h - a potion of lignification
 l - a potion of brilliance
 m - 2 potions of flight
 n - 2 potions of mutation
 p - a potion of might


   Skills:
 + Level 8.4 Fighting
 - Level 2.4 Dodging
 - Level 2.4 Stealth
 + Level 13.2 Spellcasting
 + Level 9.4 Conjurations
 + Level 2.0 Transmutations
 * Level 15.8 Earth Magic
 + Level 9.4 Invocations


You had 12 spell levels left.
You knew the following spells:

 Your Spells              Type           Power      Damage    Failure   Level
a - Sandblast             Erth           100%       2d20      0%          1
b - Stone Arrow           Conj/Erth      100%       3d13      1%          3
c - Lee's Rapid Deconstr  Erth           37%        3d19*     1%          5
d - Petrify               Tmut/Erth      56%        N/A       1%          4
e - Statue Form           Tmut/Erth      37%        N/A       14%         6
f - Iskenderun's Mystic   Conj/Tloc      38%        2d9       5%          4

Your spell library contained the following spells:

 Spells                   Type           Power      Damage    Failure   Level
 Foxfire                  Conj/Fire      100%       2x1d9     1%          1
 Passwall                 Tmut/Erth      46%        N/A       1%          2
 Fulminant Prism          Conj/Hex       19%        3d10      5%          4
 Call Imp                 Summ           15%        N/A       6%          2
 Irradiate                Conj/Tmut      21%        3d18      10%         5
 Kindle Blastsparks       Fire/Tloc/Air  30%        2d12      12%         3
 Portal Projectile        Hex/Tloc       30%        N/A       12%         3
 Tukima's Dance           Hex            15%        N/A       12%         3
 Blade Hands              Tmut           12%        N/A       41%         5
 Summon Cactus Giant      Summ           7%         N/A       99%         6
 Ignition                 Fire           7%         3d5       100%        8
 Summon Horrible Things   Summ           7%         N/A       100%        8


Dungeon Overview and Level Annotations

Branches:
Dungeon (1/1)

Altars:
Cheibriados
Dithmenos
Elyvilon
Fedhas
Gozag
Hepliaklqana
Kikubaaqudgha
Makhleb
Nemelex Xobeh
Okawaru
Qazlal
Ru
Sif Muna
Trog
Uskayaw
Vehumet
Wu Jian
Xom
Yredelemnul
Zin
The Shining One
Jiyva
Lugonu

Shops:
D (


Innate Abilities, Weirdness & Mutations

You have a pair of small antennae on your head.
You have large cloven feet.
You passively map a small area around you.
Your muscles are strong. (Str +4, Int/Dex -1)
You expend magic power (3 MP) to strengthen your wands.


Message History

Sif Muna accepts your kill.
The blast of petrified fragments hits the komodo dragon.
The komodo dragon is severely wounded.
Your Transmutations skill increases to level 2!
You have reached level 10!
Casting: Lee's Rapid Deconstruction (safe; 1% risk of failure)
Confirm with . or Enter, or press ? or * to list all spells.
Aiming: Lee's Rapid Deconstruction (safe; 1% risk of failure)
Press: ? - help, Dir - move target An unnaturally hard rock wall, spattered with blood.
The wall shatters!
The blast of rock fragments hits the cane toad!!
The cane toad is severely wounded.
The blast of rock fragments hits the komodo dragon!
The komodo dragon is almost dead.
Casting: Lee's Rapid Deconstruction (safe; 1% risk of failure)
Confirm with . or Enter, or press ? or * to list all spells.
You don't have enough magic to cast this spell.
Magic courses through your body. The komodo dragon bites you!
The cane toad stings you!!
* * * LOW HITPOINT WARNING * * *
Unknown command.
Casting: Lee's Rapid Deconstruction (safe; 1% risk of failure)
Confirm with . or Enter, or press ? or * to list all spells.
Aiming: Lee's Rapid Deconstruction (safe; 1% risk of failure)
Press: ? - help, Dir - move target An unnaturally hard rock wall.
Okay, then.
Okay, then.
You feel much better. The komodo dragon bites you! The cane toad stings you!!
* * * LOW HITPOINT WARNING * * *
Unknown command.
Casting: Lee's Rapid Deconstruction (safe; 1% risk of failure)
Confirm with . or Enter, or press ? or * to list all spells.
Okay, then.
Casting: Ignition
Press: ? - help, Dir - look around, f - activate You fail to use your ability.
The komodo dragon closely misses you. The cane toad stings you!
You die...

♣.♣.).⌠........#)#..##.∩#
~♣♣.#...######'#)##..###.#* *
....#.⌠.#__#...#)################
....#...#__#.).#....#.#.#.)...#..
....#'###__#...##.#..#.##.###)#..
....#...#__#...'##)#.#.##)#..##..
....#___#__'...#...#..#..##..'^..
▓▓▓▓▓▓▓▓▓▓▓▓▓▓▓▓▓▓▓▓▓▓▓▓▓▓▓▓▓#.^.
, ** ♣~~~l@......~~~...#..^
♣'♣≈≈F≈≈≈≈≈≈≈≈≈♣♣P.'.^. , ,
.~♣♣♣♣♣♣♣♣♣♣♣♣♣♣♣♣PP#..^ #..*
♣♣♣##+# ## * * * * * , ** ~~ , ,
* , ,**, ~ , * * * * * * , ,


You could see a komodo dragon and a cane toad.

Vanquished Creatures
  Erolcha (D)
  A deep elf pyromancer (D)
  A cane toad (D)
  3 wandering mushrooms (D)
  A shadow (D)
  2 redbacks (D)
  A spatial vortex (D)
  An orc warrior (D)
  5 two-headed ogres (D)
  A necrophage (D)
  A water elemental (D)
  A jelly (D)
  3 orc priests (D)
  Jessica (D)
  A wizard (D)
  2 orc wizards (D)
  A necromancer (D)
  3 humans (D)
  A kobold demonologist (D)
  A wolf (D)
  12 orcs (D)
  3 rats (D)
47 creatures vanquished.

Notes
Turn   | Place    | Note
-------+----------+-------------------------------------------
     0 | D        | rocky1 the Deep Elf Earth Elementalist began the quest for
                  | the Orb.
     0 | D        | Reached XP level 1. HP: 10/10 MP: 6/6
     5 | D        | Reached skill level 4 in Earth Magic
    14 | D        | Noticed Jessica
    17 | D        | Killed Jessica
    18 | D        | Reached skill level 1 in Fighting
    18 | D        | Reached skill level 5 in Earth Magic
    18 | D        | Reached XP level 2. HP: 17/17 MP: 3/9
    84 | D        | Reached skill level 5 in Spellcasting
    84 | D        | Reached skill level 6 in Earth Magic
    84 | D        | Reached XP level 3. HP: 21/21 MP: 7/11
   106 | D        | Gained mutation: You expend magic power (3 MP) to
                  | strengthen your wands. [potion of mutation]
   106 | D        | Gained mutation: You are vulnerable to cold. (rC-) [potion
                  | of mutation]
   106 | D        | Gained mutation: Your movements are slightly less
                  | encumbered by armour. (ER -2) [potion of mutation]
   107 | D        | Lost mutation: You are vulnerable to cold. (rC-) [potion of
                  | mutation]
   107 | D        | Lost mutation: Your movements are slightly less encumbered
                  | by armour. (ER -2) [potion of mutation]
   107 | D        | Gained mutation: Your system is resistant to poisons.
                  | (rPois) [potion of mutation]
   107 | D        | Gained mutation: You occasionally lose the ability to read
                  | scrolls when taking damage. [potion of mutation]
   108 | D        | Lost mutation: You occasionally lose the ability to read
                  | scrolls when taking damage. [potion of mutation]
   108 | D        | Lost mutation: Your system is resistant to poisons. (rPois)
                  | [potion of mutation]
   108 | D        | Gained mutation: Your muscles are strong. (Str +4, Int/Dex
                  | -1) [potion of mutation]
   108 | D        | Gained mutation: You have hidden genetic potential. [potion
                  | of mutation]
   108 | D        | Gained mutation: You have a pair of small antennae on your
                  | head. [potion of mutation]
   388 | D        | Learned a level 3 spell: Stone Arrow
   393 | D        | Noticed a water elemental
   396 | D        | Killed a water elemental
   397 | D        | Reached skill level 8 in Earth Magic
   397 | D        | Reached XP level 4. HP: 28/28 MP: 8/14
   424 | D        | Gained mutation: You have large cloven feet. [hidden
                  | potential]
   545 | D        | Found a radiant altar of Vehumet.
   545 | D        | Found a shimmering blue altar of Sif Muna.
   545 | D        | Found an ancient bone altar of Kikubaaqudgha.
   545 | D        | Noticed a wizard
   546 | D        | Killed a wizard
   547 | D        | Reached XP level 5. HP: 33/33 MP: 13/16
   548 | D        | Reached skill level 9 in Earth Magic
   558 | D        | Became a worshipper of Sif Muna the Loreminder
   569 | D        | Found a glowing silver altar of Zin.
   569 | D        | Found a glowing golden altar of the Shining One.
   569 | D        | Found a white marble altar of Elyvilon.
   569 | D        | Noticed a deep elf pyromancer
   572 | D        | Killed a deep elf pyromancer
   573 | D        | Reached skill level 5 in Fighting
   573 | D        | Reached skill level 11 in Earth Magic
   573 | D        | Reached XP level 6. HP: 12/41 MP: 13/20
   573 | D        | Reached XP level 7. HP: 13/45 MP: 14/22
   583 | D        | Gained mutation: You passively map a small area around you.
                  | [hidden potential]
   583 | D        | Lost mutation: You have hidden genetic potential. [hidden
                  | potential expressed]
   698 | D        | Found a hide-covered altar of Uskayaw.
   698 | D        | Found an iron altar of Okawaru.
   698 | D        | Found a bloodstained altar of Trog.
   698 | D        | Found an ornate altar of the Wu Jian Council.
   698 | D        | Noticed a human
   698 | D        | Noticed a human
   700 | D        | Killed a human
   701 | D        | Reached skill level 5 in Conjurations
   701 | D        | Reached skill level 5 in Invocations
   703 | D        | Killed a human
   703 | D        | Reached * piety under Sif Muna
   704 | D        | Reached skill level 10 in Spellcasting
   704 | D        | Reached skill level 12 in Earth Magic
   790 | D        | Found a basalt altar of Yredelemnul.
   790 | D        | Found a shadowy altar of Dithmenos.
   790 | D        | Found a sacrificial altar of Ru.
   838 | D        | Reached ** piety under Sif Muna
   838 | D        | Noticed a shadow
   840 | D        | Killed a shadow
   841 | D        | Reached XP level 8. HP: 52/52 MP: 10/24
  1019 | D        | Found a blossoming altar of Fedhas.
  1019 | D        | Found a stormy altar of Qazlal.
  1019 | D        | Found a snail-covered altar of Cheibriados.
  1019 | D        | Found a burning altar of Makhleb.
  1019 | D        | Found a shimmering altar of Xom.
  1020 | D        | Found a hazy altar of Hepliaklqana.
  1020 | D        | Found an opulent altar of Gozag.
  1020 | D        | Found a sparkling altar of Nemelex Xobeh.
  1020 | D        | Found a corrupted altar of Lugonu.
  1020 | D        | Found a viscous altar of Jiyva.
  1024 | D        | Reached skill level 13 in Earth Magic
  1090 | D        | Reached *** piety under Sif Muna
  1227 | D        | Noticed a two-headed ogre
  1230 | D        | Killed a two-headed ogre
  1282 | D        | Noticed Erolcha
  1283 | D        | Noticed a two-headed ogre
  1285 | D        | Killed Erolcha
  1286 | D        | Reached skill level 14 in Earth Magic
  1286 | D        | Reached XP level 9. HP: 57/57 MP: 16/27
  1290 | D        | Killed a two-headed ogre
  1510 | D        | Reached **** piety under Sif Muna
  1513 | D        | Reached skill level 15 in Earth Magic
  1757 | D        | Reached ***** piety under Sif Muna
  1757 | D        | Received a gift from Sif Muna
  1810 | D        | Received a gift from Sif Muna
  1811 | D        | Got Pese's Grimoire of Rallying {god gift}
  1923 | D        | Found Cevexudgh's Antique Weapon Shop.
  2027 | D        | Learned a level 5 spell: Lee's Rapid Deconstruction
  2032 | D        | Learned a level 4 spell: Petrify
  2036 | D        | Noticed a wandering mushroom
  2042 | D        | Killed a wandering mushroom
  2045 | D        | Noticed a wandering mushroom
  2047 | D        | Killed a wandering mushroom
  2047 | D        | Received a gift from Sif Muna
  2048 | D        | Got Sif Muna's Codex of Volatile Transfiguration {god gift}
  2055 | D        | Noticed a wandering mushroom
  2056 | D        | Learned a level 6 spell: Statue Form
  2062 | D        | Killed a wandering mushroom
  2297 | D        | Learned a level 4 spell: Iskenderun's Mystic Blast
  2299 | D        | Noticed a cane toad
  2299 | D        | Noticed a komodo dragon
  2299 | D        | Noticed a cane toad
  2309 | D        | Killed a cane toad
  2310 | D        | Reached XP level 10. HP: 32/65 MP: 7/29
  2314 | D        | Mangled by a cane toad

Illustrated notes

Levels and vault maps discovered:
D:        dungeon_sprint_mu [sprint_mu_entry_forest, sprint_mu_temple_rooms,
          sprint_mu_d1_spiders, sprint_mu_d2_genie, sprint_mu_d3_branching,
          sprint_mu_orc_legion, sprint_mu_elf_gauntlet, sprint_mu_hive_nellie,
          sprint_mu_lair_fedhas, sprint_mu_vaults_butterflies,
          sprint_mu_slime_circle, sprint_mu_shoals_archi,
          sprint_mu_snake_twists, sprint_mu_blade_basic, sprint_mu_crypt_lich,
          sprint_mu_tomb_spiral, sprint_mu_vestibule_basic,
          sprint_mu_gehenna_hellfire, sprint_mu_dis_giant,
          sprint_mu_tartarus_statrot, sprint_mu_cocytus_islands, sprint_mu_zot1]

Skill      XL: |  1  2  3  4  5  6  7  8  9 |
---------------+----------------------------+-----
Earth Magic    | 5 6 8 11 12 14 15 | 15.8
Fighting       | 1 2 3 5 6 7 8 |  8.4
Spellcasting   | 4 5 6 7 9 10 12 13 | 13.2
Conjurations   | 4 6 8 9 |  9.4
Invocations    | 4 6 8 9 |  9.4
Transmutations | 2 |  2.0
Dodging        | |  2.4
Stealth        | |  2.4

Action                     |  1- 3 |  4- 6 |  7- 9 | 10-12 || total
---------------------------+-------+-------+-------+-------++-------
   Cast: Sandblast         |    13 |     5 |    16 |       ||    34
         Stone Arrow       |     1 |       |    45 |       ||    46
         Lee's Rapid Decon |       |       |     7 |     1 ||     8
         Petrify           |       |       |     2 |       ||     2
    Use: Potion            |     3 |       |     3 |     2 ||     8
         Scroll            |       |       |     4 |       ||     4
  Dodge: Dodged            |     2 |       |     7 |     1 ||    10

Table legend: (Time is in decaauts)
 A = Elapsed time spent in this place.
 B = Non-inter-level travel time spent in this place.
 C = Inter-level travel time spent in this place.
 D = Time resting spent in this place.
 E = Time spent auto-exploring this place.
 F = Levels seen in this place.
 G = Mean time per level.
                   A        B        C        D        E       F      G
               +--------+--------+--------+--------+--------+-----+--------+
         Total |   2336 |   2308 |     28 |   1778 |      0 |   1 | 2336.0 |
       Dungeon |   2336 |   2308 |     28 |   1778 |      0 |   1 | 2336.0 |
               +--------+--------+--------+--------+--------+-----+--------+

Top non-repeatable levels by time:
       D: 2336 daAuts
